 Dungeon Crawl Stone Soup version 0.31-a0-986-g5e6e4ef867 (webtiles) character file.

Game seed: 2589168645169840648

263 Persephone the Chopper (level 6, -11/37 HPs)
             Began as a Gargoyle Fighter on Nov 23, 2023.
             Was a Follower of Qazlal.
             Mangled by an orc
             ... wielding a +3 dagger of distortion
              (13 damage)
             ... on level 3 of the Dungeon.
             The game lasted 00:03:37 (1995 turns).

Persephone the Chopper (Gargoyle Fighter)           Turns: 1995, Time: 00:03:37

Health: -11/37     AC: 11    Str: 21    XL:     6   Next: 19%
Magic:  6/6        EV:  9    Int:  9    God:    Qazlal [*.....]
Gold:   131        SH:  5    Dex:  9    Spells: 5/5 levels left

rFire   . . .        a - +0 war axe
rCold   . . .        c - +0 buckler
rNeg    + . .        b - +0 scale mail
rPois   ∞            (no helmet)
rElec   +            (no cloak)
rCorr   .            (no gloves)
SInv    .            (no boots)
Will    .....        (no amulet) Stlth
                     (no ring)
HPRegen 0.26/turn    (no ring)
MPRegen 0.10/turn

%: no passive effects
@: no status effects
A: sickness immunity, AC +4, negative energy resistance 1, electricity
resistance, torment resistance 1, petrification resistance
a: Renounce Religion


You were on level 3 of the Dungeon.
You worshipped Qazlal.
Qazlal was aware of your devotion.
You visited 1 branch of the dungeon, and saw 3 of its levels.

You collected 131 gold pieces.

Inventory:

Hand Weapons
 a - a +0 war axe (weapon)
Missiles
 o - 3 throwing nets
Armour
 b - a +0 scale mail (worn)
 c - a +0 buckler (worn)
 h - a scarf of invisibility
 i - a +0 plate armour
Jewellery
 k - an amulet of the acrobat
 s - an amulet of guardian spirit
 u - a +6 ring of intelligence
 x - a ring of wizardry
 y - a +6 ring of dexterity
Scrolls
 e - a scroll of enchant armour {unknown}
 j - 2 scrolls of identify {unknown}
 p - a scroll of fog {unknown}
 q - a scroll of revelation {unknown}
 r - a scroll of enchant weapon {unknown}
 t - 2 scrolls of teleportation {unknown}
Potions
 d - a potion of might
 f - a potion of haste {unknown}
 g - a potion of brilliance {unknown}
 l - 2 potions of curing {unknown}
 m - a potion of resistance {unknown}
 n - a potion of mutation {unknown}
 v - 2 potions of heal wounds {unknown}
 w - a potion of degeneration {unknown}


   Skills:
 - Level 3.2 Fighting
 + Level 5.7 Axes
 - Level 3.2 Armour
 - Level 3.2 Shields


You had 5 spell levels left.
You didn't know any spells.
Your spell library contained the following spells:

 Spells                   Type           Power      Damage    Failure   Level
 Sandblast                Erth           0%         2d4       80%         1
 Passwall                 Tmut/Erth      0%         N/A       90%         2
 Stone Arrow              Conj/Erth      0%         3d7       99%         3
 Brom's Barrelling Bould  Conj/Erth      0%         2d3       100%        4


Dungeon Overview and Level Annotations

Branches:
Dungeon (3/15)

Altars:
Qazlal


Innate Abilities, Weirdness & Mutations

You are immune to sickness and miasma.
Your stone body is resilient. (AC +4)
You are immune to poison.
You resist negative energy. (rN+)
You are resistant to electric shocks. (rElec)
You are resistant to unholy torment.
You are immune to petrification.


Message History

You barely miss the ball python. You hit the orc. You slash the orc!
You kill the orc!
Qazlal accepts your kill.
You hit the bush but do no damage.
The orc priest mumbles some strange prayers to Beogh against you.
Beogh smites you!
The ball python bites you but does no damage.
The ball python constricts you. The orc barely misses you.
The ball python bites you.
* * * LOW HITPOINT WARNING * * *
The ball python constricts you.
The orc hits you with a +3 dagger of distortion.
* * * LOW HITPOINT WARNING * * *
You escape the ball python's grasp.
You blink.
Okay, then.
The orc priest looks encouraged for a moment.
The orc priest calls upon Beogh to heal the orc.
The orc's wounds heal themselves!
The ball python misses you. The ball python grabs you.
The ball python constricts you.
You see here a scroll labelled UCEIFI KEUTIARCH.
You closely miss the orc priest. You hit the orc. You hit the ball python.
The ball python bites you but does no damage.
The ball python constricts you. The orc priest barely misses you.
The orc hits you but does no damage. Space warps around you.
* * * LOW HITPOINT WARNING * * *
You slash the orc priest!
The orc priest is heavily wounded.
You barely miss the orc. You slash the ball python!
You kill the ball python!
Qazlal accepts your kill. You block the orc's attack.
The orc priest hits you but does no damage.
You closely miss the orc priest.
The orc priest is heavily wounded.
You hit the orc.
The orc hits you with a +3 dagger of distortion.
* * * LOW HITPOINT WARNING * * *
Space warps horribly around you!
You die...

.♣#♣.♣.♣....##.......
....).......:........#
#♣#♣.♣(♣..>..........#
..##.#.†.............#
..##.#......P........#
.<##+#.....P.♣)......#
.......##.....P......###
......###...)..oo°.....#
......# #......†@......#
......# #......#.......#
......# #......#.......#
......# #......#.......#
......# #....!.#.......#
......# ########.......#
......# #.......#
####### #.......#
#.......#


You could see an orc priest and an orc.

Vanquished Creatures
  Sigmund (D:2)
  Jessica (D:3)
  Robin (D:3)
  5 adders
  A worm (D:3)
  4 orcs (D:3)
  4 bats
  5 endoplasms
  5 hobgoblins
  2 jackals (D:3)
  2 quokkas (D:2)
  5 ball pythons
  2 frilled lizards
  9 goblins
  3 kobolds
  5 rats (D:2)
55 creatures vanquished.

Notes
Turn   | Place    | Note
-------+----------+-------------------------------------------
     0 | D:1      | Persephone the Gargoyle Fighter began the quest for the
                  | Orb.
     0 | D:1      | Reached XP level 1. HP: 14/14 MP: 1/1
    90 | D:1      | Reached skill level 2 in Axes
   247 | D:1      | Reached XP level 2. HP: 19/19 MP: 2/2
   726 | D:2      | Reached skill level 3 in Axes
   768 | D:2      | Reached XP level 3. HP: 18/23 MP: 3/3
  1217 | D:2      | Found a stormy altar of Qazlal.
  1234 | D:2      | Reached XP level 4. HP: 27/28 MP: 4/4
  1241 | D:2      | Noticed Sigmund
  1260 | D:2      | Killed Sigmund
  1261 | D:2      | Reached skill level 5 in Axes
  1261 | D:2      | Reached XP level 5. HP: 8/32 MP: 5/5
  1276 | D:2      | Became a worshipper of Qazlal Stormbringer
  1523 | D:2      | Found a faded altar of an unknown god.
  1576 | D:3      | Noticed Robin
  1585 | D:3      | Killed Robin
  1723 | D:3      | Identified the +8 spear of Lilycato {vamp, rPois rC+}
  1785 | D:3      | Noticed Jessica
  1794 | D:3      | Killed Jessica
  1795 | D:3      | Reached XP level 6. HP: 36/37 MP: 6/6
  1890 | D:3      | Reached * piety under Qazlal
  1995 | D:3      | Mangled by an orc

Illustrated notes

Levels and vault maps discovered:
D:1:      eino_arrival_water_cross, layout_loops_ring
D:2:      layout_loops_ring, basic_altar, ebering_ecumenical_altar_mist,
          minmay_misc_feat_pillars, uniq_sigmund
D:3:      layout_basic, serial_forest, infiniplex_forest_lined_2,
          infiniplex_forest_end_3, infiniplex_forest_lined_2,
          infiniplex_forest_clump_large, infiniplex_forest_end_1,
          infiniplex_forest_clump_tiny, serial_park_tiny_2, uniq_jessica,
          uniq_robin

Skill      XL: |  1  2  3  4 |
---------------+-------------+-----
Axes           | 2 3 5 |  5.7
Fighting       | |  3.2
Armour         | |  3.2
Shields        | |  3.2

Action                     |  1- 3 |  4- 6 || total
---------------------------+-------+-------++-------
  Melee: War axe           |    89 |    73 ||   162
    Use: Potion            |       |     1 ||     1
 Armour: Scale mail        |    63 |    58 ||   121
  Dodge: Dodged            |    48 |    34 ||    82
  Block: Buckler           |    18 |    17 ||    35

Table legend: (Time is in decaauts)
 A = Elapsed time spent in this place.
 B = Non-inter-level travel time spent in this place.
 C = Inter-level travel time spent in this place.
 D = Time resting spent in this place.
 E = Time spent auto-exploring this place.
 F = Levels seen in this place.
 G = Mean time per level.
                   A        B        C        D        E       F      G
               +--------+--------+--------+--------+--------+-----+--------+
         Total |   2049 |   1917 |    132 |      0 |   1521 |   3 |  683.0 |
       Dungeon |   2049 |   1917 |    132 |      0 |   1521 |   3 |  683.0 |
               +--------+--------+--------+--------+--------+-----+--------+

Top non-repeatable levels by time:
     D:2: 880 daAuts
     D:1: 728 daAuts
     D:3: 440 daAuts
